 Dungeon Crawl Stone Soup version 0.29.0-4-gdea44cf6ec (webtiles) character file.

Game seed: 6864549555713326701

45 qw the Chopper (level 3, 0/21 HPs)
             Began as a Tengu Warper on Aug 28, 2022.
             Succumbed to their own poison gas
             ... on level 1 of the Dungeon.
             The game lasted 00:00:07 (1387 turns).

qw the Chopper (Tengu Warper)                       Turns: 1387, Time: 00:00:07

Health: 0/21       AC:  8    Str: 13    XL:     3   Next: 64%
Magic:  7/7        EV:  4    Int: 13    God:
Gold:   34         SH:  7    Dex: 13    Spells: 6/6 levels left

rFire   . . .      SeeInvis .   Y - +0 hand axe
rCold   . . .      Faith    .   f - +0 kite shield
rNeg    . . .      Spirit   .   i - +0 chain mail
rPois   .          Reflect  .   (helmet restricted)
rElec   .          Harm     .   (no cloak)
rCorr   .          Rampage  .   (no gloves)
Will    .....                   (boots unavailable)
Stlth   ..........              (no amulet)
HPRegen 0.07/turn               (no ring)
MPRegen 0.10/turn               (no ring)

@: lethally poisoned (0 -> -9)
A: beak, talons 3
a: no special abilities


You were on level 1 of the Dungeon.
You visited 1 branch of the dungeon, and saw 1 of its levels.

You collected 34 gold pieces.


Innate Abilities, Weirdness & Mutations

You have a beak for a mouth.
You have claws for feet.


   Skills:
 - Level 2.0 Fighting
 - Level 4.3 Axes
 - Level 1.0 Throwing
 - Level 1.1 Armour
 - Level 2.1 Dodging
 + Level 0.0 Shields
 - Level 2.0 Spellcasting
 - Level 2.4 Translocations


You had 6 spell levels left.
You didn't know any spells.
Your spell library contained the following spells:

 Spells                   Type           Power      Damage    Failure   Level
 Blink                    Tloc           14%        N/A       100%        2
 Gell's Gravitas          Tloc           7%         N/A       100%        3
 Lesser Beckoning         Tloc           7%         N/A       100%        3
 Teleport Other           Tloc           7%         N/A       100%        3
 Manifold Assault         Tloc           7%         N/A       100%        5

Inventory:

Hand Weapons
 j - a +0 whip
 Y - a +0 hand axe (weapon)
Armour
 f - a +0 kite shield (worn)
 i - a +0 chain mail (worn)
Scrolls
 a - a scroll of identify
Potions
 g - a potion of resistance {unknown}
 n - a potion of magic {unknown}

Dungeon Overview and Level Annotations

Branches:
Dungeon (1/15)

Altars:

Shops:
D:1 [


Message History

1378 ||| READING scroll labelled CIEGIE KANOARPH.
As you read the scroll labelled CIEGIE KANOARPH, it crumbles to dust.
You feel momentarily disoriented.
It was a scroll of magic mapping.
Done exploring.
1379 ||| READING scroll labelled EDGHIWK ROAMESI.
As you read the scroll labelled EDGHIWK ROAMESI, it crumbles to dust.
You hear a loud clanging noise!
It was a scroll of noise.
Done exploring.
1380 ||| READING scroll labelled DARUQ BAECA.
As you read the scroll labelled DARUQ BAECA, it crumbles to dust.
It is a scroll of amnesia.
You feel forgetful for a moment.
Done exploring.
1381 ||| READING scroll labelled TYOLIBU YRGHAPN.
The air fills with toxic fumes!
As you read the scroll labelled TYOLIBU YRGHAPN, it crumbles to dust.
It was a scroll of poison.
Done exploring.
1382 ||| DROPPING scroll of blinking.
You drop a scroll of blinking.
Done exploring.
(D) Dungeon
Where to? (* - list waypoints, ? - help)
What level of the Dungeon? (default 1, ? - help) Sorry, I don't know how to get there.
Done exploring.
1383 ||| Stepping randomly (stuck).
Really walk into that cloud of poison gas?
You are engulfed in poison gas.
You are lethally poisoned!
You feel very sick.
1384 ||| Stepping ~*~*~tactically~*~*~ (cloud).
You feel very sick.
Things that are here:
a scroll of blinking; a +0 leather armour
There is a lethal amount of poison in your body!
You feel very sick.
There is a lethal amount of poison in your body!
You feel sick.
There is a lethal amount of poison in your body!
You die...

########.....###........# ##...#
......#...#...#.......#.# ##..##
.#.......###.....######.# #....
.#.###..## ##..#.# #.######..#
.#..###..###..#### #.....###..
.#..#####.#...##¤##########.####.
###...........##¤¤¤0¤# #......
.......#......##¤¤¤¤0# #####..
###...##......##@¤¤¤¤# #..
#...##......##¤##### #..
#...##......##¤# #..
#...##.#######0# ##. #...##.# #¤#
## #...##.# #¤# # #...##.#
###¤###### #...##.# #.¤¤%....#
######.# #........#


There were no monsters in sight!

Vanquished Creatures
  2 dart slugs (D:1)
  5 endoplasms (D:1)
  A giant cockroach (D:1)
  3 goblins (D:1)
  4 hobgoblins (D:1)
  5 jackals (D:1)
  A quokka (D:1)
  6 ball pythons (D:1)
  5 frilled lizards (D:1)
  2 kobolds (D:1)
  2 rats (D:1)
36 creatures vanquished.

Notes
Turn   | Place    | Note
-------+----------+-------------------------------------------
     0 | D:1      | qw the Tengu Warper began the quest for the Orb.
     0 | D:1      | Reached XP level 1. HP: 12/12 MP: 4/4
     0 | D:1      | 0 ||| qw: Version: 0.1-a-89-g26bdef1
     0 | D:1      | 0 ||| qw: Game counter: 510
     0 | D:1      | 0 ||| qw: Always use a shield: true
     0 | D:1      | 0 ||| qw: God list: Okawaru
     0 | D:1      | 0 ||| qw: Allow faded altars: false
     0 | D:1      | 0 ||| qw: Do Orc after D:15 true
     0 | D:1      | 0 ||| qw: Do second Lair branch before Depths: true
     0 | D:1      | 0 ||| qw: Lair rune preference: random
     0 | D:1      | 0 ||| qw: Plans: Normal
     0 | D:1      | 0 ||| PLANNING D:1-11
   106 | D:1      | Reached skill level 3 in Axes
   106 | D:1      | Reached XP level 2. HP: 17/17 MP: 6/6
   204 | D:1      | Found Kaso's Armour Boutique.
   206 | D:1      | 206 ||| Stepping ~*~*~tactically~*~*~ (stealth).
   208 | D:1      | 208 ||| Stepping ~*~*~tactically~*~*~ (stealth).
   210 | D:1      | 210 ||| Stepping ~*~*~tactically~*~*~ (stealth).
   237 | D:1      | 237 ||| SHOPLISTING +0 chain mail of fire resistance (126
                  | gold, have 21).
   237 | D:1      | 237 ||| SHOPLISTING +1 chain mail of cold resistance (181
                  | gold, have 21).
   237 | D:1      | 237 ||| SHOPLISTING +1 pair of gloves (126 gold, have 21).
   237 | D:1      | 237 ||| SHOPLISTING +1 robe of willpower (139 gold, have
                  | 21).
   242 | D:1      | 242 ||| Stepping ~*~*~tactically~*~*~ (stealth).
   313 | D:1      | 313 ||| Stepping ~*~*~tactically~*~*~ (hiding).
   395 | D:1      | Reached XP level 3. HP: 18/21 MP: 7/7
   632 | D:1      | Found a faded altar of an unknown god.
   648 | D:1      | Reached skill level 4 in Axes
   700 | D:1      | 700 ||| DROPPING +0 club.
  1106 | D:1      | 1106 ||| Stepping ~*~*~tactically~*~*~ (hiding).
  1111 | D:1      | 1111 ||| Stepping ~*~*~tactically~*~*~ (stealth).
  1117 | D:1      | 1117 ||| Stepping ~*~*~tactically~*~*~ (hiding).
  1260 | D:1      | 1260 ||| UPGRADING to +0 kite shield.
  1265 | D:1      | 1265 ||| UPGRADING to +0 chain mail.
  1275 | D:1      | 1275 ||| DROPPING +0 leather armour.
  1276 | D:1      | 1276 ||| READING 2 scrolls labelled INASKE DISOE.
  1277 | D:1      | 1277 ||| READING scroll labelled CICSI QUNTIYR.
  1378 | D:1      | 1378 ||| READING scroll labelled CIEGIE KANOARPH.
  1379 | D:1      | 1379 ||| READING scroll labelled EDGHIWK ROAMESI.
  1380 | D:1      | 1380 ||| READING scroll labelled DARUQ BAECA.
  1381 | D:1      | 1381 ||| READING scroll labelled TYOLIBU YRGHAPN.
  1382 | D:1      | 1382 ||| DROPPING scroll of blinking.
  1383 | D:1      | 1383 ||| Stepping randomly (stuck).
  1384 | D:1      | 1384 ||| Stepping ~*~*~tactically~*~*~ (cloud).
  1385 | D:1      | HP: 4/21 [poisoned by you (poison gas)]
  1387 | D:1      | Succumbed to their own poison gas

Levels and vault maps discovered:
D:1:      lemuel_arrival_behind_the_door_large, layout_basic, serial_shops,
          nicolae_shop_temple_entry_statues_fountains,
          nicolae_ecumenical_snake_handling, due_unseen_surprise

Skill      XL: |  1  2  3 |
---------------+----------+-----
Axes           | 3 4 |  4.3
Fighting       | |  2.0
Throwing       | |  1.0
Armour         | |  1.1
Dodging        | |  2.1
Spellcasting   | |  2.0
Translocations | |  2.4

Action                   || total
-------------------------++-------
Melee: Hand axe          ||    79
       Kick              ||    16
       Peck              ||    13
Throw: Boomerang         ||     7
  Use: Scroll            ||     6
Armor: Leather armour    ||    14
Dodge: Dodged            ||    35

Table legend:
 A = Non-vault XP
 B = Vault XP
 C = Vault XP percentage of total XP
 D = Non-vault monster count
 E = Vault monster count
 F = Vault count percentage of total count
                 A         B        C        D         E       F
            +---------+---------+-------+---------+---------+-------
      Total |      61 |       4 |   6.2 |      33 |       3 |   8.3
            +---------+---------+-------+---------+---------+-------
        D:1 |      61 |       4 |   6.2 |      33 |       3 |   8.3
            +---------+---------+-------+---------+---------+-------
